 Dungeon Crawl Stone Soup version 0.31-a0-986-g5e6e4ef867 (webtiles) character file.

Game seed: 4053748044263050108

117 LeprechaunX the Changeling (level 5, -1/35 HPs)
             Began as an Octopode Shapeshifter on Nov 7, 2023.
             Slain by a worm (12 damage)
             ... on level 2 of the Dungeon.
             The game lasted 00:01:32 (1278 turns).

LeprechaunX the Changeling (Octopode Shapeshifter)  Turns: 1278, Time: 00:01:32

Health: -1/35      AC:  1    Str: 15    XL:     5   Next: 1%
Magic:  5/5        EV: 13    Int: 12    God:
Gold:   139        SH:  0    Dex: 12    Spells: 4/4 levels left

rFire   . . .        d - +2 great sword (heavy)
rCold   . . .        (shield currently unavailable)
rNeg    . . .        (helmet currently unavailable)
rPois   .            (no amulet)
rElec   .            (no ring)
rCorr   .            (no ring)
SInv    .            (no ring)
Will    .....        (no ring)
Stlth   ++           (no ring)
HPRegen 0.25/turn    (no ring)
MPRegen 0.09/turn    (no ring)
                     (no ring)

%: no passive effects
@: beast-form
A: beast (slay +2), almost no armour, amphibious, 8 rings, camouflage 1,
gelatinous body 1, (nimble swimmer 1), tentacles
a: Begin Untransformation


You were on level 2 of the Dungeon.
You were a hulking beast.
You visited 1 branch of the dungeon, and saw 2 of its levels.

You collected 139 gold pieces.

Inventory:

Hand Weapons
 d - a +2 heavy great sword (weapon)
Talismans
 b - a beast talisman
 c - a flux talisman
Scrolls
 e - a scroll of vulnerability {unknown}
 f - a scroll of noise {unknown}
 g - 3 scrolls of identify {unknown}
Potions
 a - 2 potions of lignification
 h - a potion of degeneration {unknown}
 i - a potion of haste {unknown}
 j - a potion of invisibility {unknown}
 k - a potion of berserk rage {unknown}


   Skills:
 + Level 2.4 Fighting
 - Level 2.0 Dodging
 + Level 3.7 Unarmed Combat
 * Level 4.2 Shapeshifting


You had 4 spell levels left.
You didn't know any spells.
Your spell library contained the following spells:

 Spells                   Type           Power      Damage    Failure   Level
 Volatile Blastmotes      Fire/Tloc      0%         2d10      69%         3
 Fulminant Prism          Conj/Hex       0%         3d5       97%         4
 Iskenderun's Mystic Bla  Conj/Tloc      0%         2d3       97%         4


Dungeon Overview and Level Annotations

Branches:
Dungeon (2/15)

Altars:

Shops:
D:2 :


Innate Abilities, Weirdness & Mutations

You are a hulking beast.
Your limbs bulge with bestial killing power. (Slay +2)
You cannot wear most types of armour.
You are amphibious.
You can wear up to eight rings at the same time.
Your skin changes colour to match your surroundings (Stealth+).
Your rubbery body absorbs attacks. (AC +1, EV +1)
((You are camouflaged when in or above water. (Stealth+)))
You have tentacles for arms and can constrict up to eight enemies at once.


Message History

You slash the bat!
You kill the bat!
You hit the endoplasm. Your squeeze misses the endoplasm.
The endoplasm is moderately wounded.
The endoplasm jiggles.
The endoplasm closely misses you. The endoplasm barely misses you.
You hit the endoplasm.
You kill the endoplasm!
No target in view!
No target in view!
An endoplasm and a worm come into view.
Found a ring mail.
There are monsters nearby!
There are monsters nearby!
There are monsters nearby!
There are monsters nearby!
The endoplasm quivers.
You barely miss the endoplasm. You squeeze the endoplasm.
The endoplasm is heavily wounded.
The endoplasm freezes you.
You are frozen.
The endoplasm hits you. The endoplasm misses you.
You slash the endoplasm!
You kill the endoplasm!
A worm comes into view.
The worm bites you.
You barely miss the worm. Your grab misses the worm.
The worm closely misses you.
You slice the worm!!
You kill the worm!
You have reached level 5!
You feel agile.
No target in view!
No target in view!
No target in view!
The worm bites you!
You see here a +0 ring mail.
You slash the worm! You grab the worm.
The worm is severely wounded.
You constrict the worm. The worm bites you! x2
You die...

#..........#...#.#
#..............#
#.##.##.####...###
#.......####..##
#.##.#........#
#.#.####.... #.#.#
.... #.##w#.# ..#
#...h[†# #......#
##.#.#.# #.#.#.# #
#.#.# #.#.# ....#
#.###


You could see a worm.

Vanquished Creatures
  Natasha (D:2)
  3 adders (D:2)
  2 worms (D:2)
  2 dart slugs
  6 ball pythons
  5 bats
  11 endoplasms
  2 goblins (D:1)
  7 hobgoblins
  3 quokkas
  3 frilled lizards (D:1)
  3 kobolds
  4 rats
52 creatures vanquished.

Notes
Turn   | Place    | Note
-------+----------+-------------------------------------------
     0 | D:1      | LeprechaunX the Octopode Shapeshifter began the quest for
                  | the Orb.
     0 | D:1      | Reached XP level 1. HP: 13/13 MP: 1/1
    57 | D:1      | Reached XP level 2. HP: 7/18 MP: 2/2
   358 | D:1      | Reached XP level 3. HP: 23/23 MP: 3/3
   884 | D:2      | Found Ompisot's Book Shop.
   900 | D:2      | Reached XP level 4. HP: 29/29 MP: 4/4
  1068 | D:2      | Reached skill level 4 in Shapeshifting
  1164 | D:2      | Noticed Natasha
  1167 | D:2      | Killed Natasha
  1276 | D:2      | Reached XP level 5. HP: 26/35 MP: 5/5
  1278 | D:2      | Slain by a worm

Illustrated notes

Levels and vault maps discovered:
D:1:      heliophobic_arrival_glass_houses, layout_loops_ring,
          minmay_split_cup_large
D:2:      layout_loops_cross, shapermc_ecumenical_altar_pompeii, serial_shops,
          nicolae_shop_behind_doors, minivault_24, minmay_fractal_squares_5,
          uniq_natasha

Skill      XL: |  1  2  3  4 |
---------------+-------------+-----
Fighting       | 2 |  2.4
Shapeshifting  | 4 |  4.2
Dodging        | |  2.0
Unarmed Combat | |  3.7

Action                     |  1- 3 |  4- 6 || total
---------------------------+-------+-------++-------
  Melee: Unarmed           |    25 |       ||    25
         Constrict         |     9 |     2 ||    11
         Tentacles         |     7 |     4 ||    11
         Great sword       |    25 |    29 ||    54
         Punch             |     1 |       ||     1
   Stab: Sleeping          |    12 |       ||    12
 Armour: Skin              |    26 |    20 ||    46
  Dodge: Dodged            |    25 |    23 ||    48

Table legend: (Time is in decaauts)
 A = Elapsed time spent in this place.
 B = Non-inter-level travel time spent in this place.
 C = Inter-level travel time spent in this place.
 D = Time resting spent in this place.
 E = Time spent auto-exploring this place.
 F = Levels seen in this place.
 G = Mean time per level.
                   A        B        C        D        E       F      G
               +--------+--------+--------+--------+--------+-----+--------+
         Total |   1358 |   1327 |     31 |     56 |    958 |   2 |  679.0 |
       Dungeon |   1358 |   1327 |     31 |     56 |    958 |   2 |  679.0 |
               +--------+--------+--------+--------+--------+-----+--------+

Top non-repeatable levels by time:
     D:1: 905 daAuts
     D:2: 452 daAuts
